Tamiflu vs Atomiques
(R1)
Created - 11 septembre 2014 at 19:04
Simulating a Pre-Season
Goals
|
| Tamiflu |
0 |
1 |
2 |
3 |
| Atomiques |
0 |
0 |
1 |
1 |
|
Shots
|
| Tamiflu |
6 |
6 |
19 |
31 |
| Atomiques |
11 |
7 |
12 |
30 |
|
1st period
No Goal
Penalties :
Jan Mursak (Det) for Interference (Minor) at 18:19
2nd period
1. Tamiflu , Jan Mursak 1 (Jonathan Sigalet, Adam Henrique) at 11:53
Penalties :
Linus Omark (STB) for Holding (Minor) at 4:07, Petr Pohl (Det) for Kneeing (Major) at 12:48
3rd period
2. Atomiques , John Carlson 1 (Victor Hedman) at 1:18
3. Tamiflu , Petr Pohl 1 (Adam Henrique) at 12:04
4. Tamiflu , Jan Mursak 2 (Jonathan Sigalet, Adam Henrique) at 16:44 (PP)
Penalties :
Andrew Kozek (STB) for High sticking (Minor) at 4:32, Ryan Shannon (STB) for Holding (Minor) at 15:24, Colin Greening (Det) for Kneeing (Major) at 19:19
Goalie Stats
Mike McKenna (Det), 29 saves from 30 shots - (0,967), W, 3-0-0, 60:00 minutes
Alex Auld (STB), 28 saves from 31 shots - (0,903), L, 0-1-0, 60:00 minutes
Players Stats for Tamiflu
Player Name G A P +/- PIM S H SB GA TA FO MP PP MP PK MP
------------------------------------------------------------------------------------
Adam Henrique 0 3 3 2 0 2 2 0 1 0 4/7 15:12 2:42 0:00
Alex Picard 0 0 0 -1 0 2 3 2 0 0 4/7 20:49 2:36 3:42
Carson Mcmillan 0 0 0 -1 0 2 2 0 0 1 1/1 19:07 2:36 2:09
Casey Wellman 0 0 0 0 0 0 0 0 0 0 0/1 9:21 0:00 0:00
Cody Goloubef 0 0 0 1 0 0 0 0 0 0 0/0 5:35 0:00 0:00
Colin Greening 0 0 0 0 5 1 1 1 0 0 5/5 12:30 0:00 1:49
Garrett Wilson 0 0 0 0 0 1 2 0 0 0 1/1 11:03 0:00 1:42
Greg Mauldin 0 0 0 -1 0 2 0 0 0 0 12/24 20:49 2:36 3:42
Jan Mursak 2 0 2 2 2 4 2 0 0 1 0/0 15:33 2:42 0:01
Johan Fransson 0 0 0 -1 0 0 1 0 0 1 0/0 18:06 2:00 2:38
Jonathan Sigalet 0 2 2 1 0 1 2 1 1 0 0/0 24:50 3:18 4:08
Jordan Hendry 0 0 0 1 0 1 1 2 1 0 0/0 24:50 3:18 4:08
Justin Braun 0 0 0 1 0 0 1 0 0 0 0/0 6:06 0:00 0:31
Kyle Lawson 0 0 0 0 0 0 1 3 0 1 0/0 11:50 0:00 1:13
Mattias Tedenby 0 0 0 0 0 3 1 0 1 0 1/1 9:21 0:00 0:00
Mike Duco 0 0 0 0 0 1 0 0 0 0 0/1 10:30 0:00 0:00
Nathan Oystrick 0 0 0 -1 0 5 3 0 0 0 0/0 18:06 2:00 2:38
Petr Pohl 1 0 1 2 5 6 3 0 1 0 0/1 15:57 2:42 0:34
Philip Samuelsson 0 0 0 0 0 0 1 0 0 0 0/0 10:37 0:00 0:00
Philippe Dupuis 0 0 0 0 0 0 1 0 0 0 0/0 0:33 0:00 0:33
Rich Clune 0 0 0 0 0 0 2 0 0 0 1/1 11:34 0:00 1:04
Stefan Elliott 0 0 0 0 0 0 0 0 0 0 0/0 0:00 0:00 0:00
Teemu Laakso 0 0 0 0 0 0 0 0 0 0 0/0 0:00 0:00 0:00
Teigan Zahn 0 0 0 0 0 0 0 0 0 0 0/0 0:00 0:00 0:00
Players Stats for Atomiques
Player Name G A P +/- PIM S H SB GA TA FO MP PP MP PK MP
------------------------------------------------------------------------------------
Alexandre Daigle 0 0 0 1 0 2 1 0 2 0 1/1 21:49 3:45 3:11
Andrew Kozek 0 0 0 0 2 1 3 0 0 0 0/0 16:28 2:41 0:33
Anthony Nigro 0 0 0 0 0 0 0 0 0 0 0/0 0:00 0:00 0:00
Brett Sutter 0 0 0 0 0 0 0 0 0 0 0/0 0:40 0:14 0:26
Casey Borer 0 0 0 -1 0 0 1 1 0 0 0/0 12:18 0:04 0:00
Clayton Stoner 0 0 0 -1 0 0 1 0 0 0 0/0 19:58 3:06 2:05
Davis Drewiske 0 0 0 -1 0 0 0 1 0 0 0/0 19:58 3:06 2:05
Drew Larman 0 0 0 0 0 0 0 0 0 0 0/0 0:00 0:00 0:00
Jarret Stoll 0 0 0 1 0 4 1 1 0 0 15/33 21:49 3:45 3:11
John Carlson 1 0 1 1 0 4 3 2 0 1 0/0 26:42 4:17 3:13
John McCarthy 0 0 0 -1 0 2 0 0 1 0 0/0 8:33 0:00 0:00
John Zeiler 0 0 0 0 0 3 0 1 0 1 0/2 18:06 2:41 1:34
Kenndal McArdle 0 0 0 -1 0 0 1 0 0 0 0/0 9:36 0:00 0:00
Linus Omark 0 0 0 1 2 2 1 0 0 1 0/2 20:14 3:45 1:01
Logan Couture 0 0 0 0 0 2 3 0 0 1 3/6 15:55 2:41 0:00
Mac Bennett 0 0 0 0 0 0 0 0 0 0 0/0 3:37 0:00 0:00
Marc-André Cliche 0 0 0 -1 0 0 2 0 0 0 2/3 8:33 0:00 0:00
Mike Halmo 0 0 0 0 0 0 0 0 0 0 0/0 0:29 0:18 0:00
Mitch Callahan 0 0 0 0 0 0 0 0 0 0 0/0 1:16 1:05 0:00
Nick Johnson 0 0 0 -1 0 5 0 0 0 0 0/0 9:32 0:58 0:00
Ryan Shannon 0 0 0 -1 2 1 0 0 0 0 0/0 10:36 1:01 0:00
Scott Jackson 0 0 0 -1 0 0 1 0 0 0 0/0 11:22 0:45 0:00
Tyler Brenner 0 0 0 -1 0 2 0 2 0 0 0/3 11:03 0:00 0:40
Victor Hedman 0 1 1 1 0 2 2 2 1 1 0/0 26:05 3:58 3:13
3 Stars
1 - Jan Mursak (Det)
2 - Adam Henrique (Det)
3 - Mike McKenna (Det)
Power Play
Tamiflu - 1 on 3 Attempt(s) - 33,33%
Atomiques - 0 on 3 Attempt(s) - 0,00%
Penalty Kill
Tamiflu - 3 on 3 Attempt(s) - 100,00%
- Score 0 goal in Penalty Kill
Atomiques - 2 on 3 Attempt(s) - 66,67%
- Score 0 goal in Penalty Kill
Official
Referees : L'Ecuyer Frederick and Kowal Tom
Linesman : Brian Mach and Pierre Racicot
Game Notes
No Game Note
Tamiflu
5 vs 5 Forward
Center Left Wing Right Wing Time % Phy DF OF
1 Greg Mauldin Alex Picard Carson Mcmillan 40 1 2 2
2 Adam Henrique Jan Mursak Petr Pohl 30 1 2 2
3 Colin Greening Rich Clune Mike Duco 20 1 2 2
4 Casey Wellman Garrett Wilson Mattias Tedenby 10 1 2 2
5 vs 5 Defense
Defense Defense Time % Phy DF OF
1 Jonathan Sigalet Jordan Hendry 40 1 2 2
2 Nathan Oystrick Johan Fransson 30 1 2 2
3 Philip Samuelsson Kyle Lawson 20 1 2 2
4 Justin Braun Cody Goloubef 10 1 2 2
PowerPlay Forward
Center Left Wing Right Wing Time % Phy DF OF
1 Greg Mauldin Alex Picard Carson Mcmillan 60 1 2 2
2 Adam Henrique Jan Mursak Petr Pohl 40 1 2 2
PowerPlay Defense
Defense Defense Time % Phy DF OF
1 Jonathan Sigalet Jordan Hendry 60 1 2 2
2 Nathan Oystrick Johan Fransson 40 1 2 2
Penalty Kill 4 Players Forward
Center Wing Time % Phy DF OF
1 Alex Picard Greg Mauldin 60 1 2 2
2 Carson Mcmillan Petr Pohl 40 1 2 2
Penalty Kill 4 Players Defense
Defense Defense Time % Phy DF OF
1 Jonathan Sigalet Jordan Hendry 60 1 2 2
2 Nathan Oystrick Johan Fransson 40 1 2 2
Penalty Kill - 3 Players Forward
Forward Time % Phy DF OF
1 Alex Picard 60 1 2 2
2 Greg Mauldin 40 1 2 2
Penalty Kill - 3 Players Defense
Defense Defense Time % Phy DF OF
1 Jonathan Sigalet Jordan Hendry 60 1 2 2
2 Nathan Oystrick Johan Fransson 40 1 2 2
4 vs 4 Forward
Center Wing Time % Phy DF OF
1 Alex Picard Greg Mauldin 60 1 2 2
2 Carson Mcmillan Petr Pohl 40 1 2 2
4 vs 4 Defense
Defense Defense Time % Phy DF OF
1 Jonathan Sigalet Jordan Hendry 60 1 2 2
2 Nathan Oystrick Johan Fransson 40 1 2 2
Last Minutes Offensive
Center Left Wing Right Wing Defense Defense
Greg Mauldin Alex Picard Carson Mcmillan Jonathan Sigalet Jordan Hendry
Last Minutes Defensive
Center Left Wing Right Wing Defense Defense
Greg Mauldin Alex Picard Carson Mcmillan Jonathan Sigalet Jordan Hendry
Goaltenders
Starting : Mike McKenna
Backup : Thomas Greiss
Extra Forwards
Normal : Mike Duco, Mattias Tedenby, Colin Greening - PP : Mike Duco, Mattias Tedenby - PK : Colin Greening
Extra Defensemen
Normal : Philip Samuelsson, Kyle Lawson, Justin Braun - PP : Philip Samuelsson - PK : Kyle Lawson, Justin Braun
Penalty Shots
Alex Picard, Greg Mauldin, Carson Mcmillan, Petr Pohl, Adam Henrique
Atomiques
5 vs 5 Forward
Center Left Wing Right Wing Time % Phy DF OF
1 Jarret Stoll Linus Omark Alexandre Daigle 40 1 2 2
2 Logan Couture Andrew Kozek John Zeiler 30 1 2 2
3 Tyler Brenner Kenndal McArdle Ryan Shannon 20 1 2 2
4 Marc-André Cliche John McCarthy Nick Johnson 10 1 2 2
5 vs 5 Defense
Defense Defense Time % Phy DF OF
1 John Carlson Victor Hedman 40 1 2 2
2 Davis Drewiske Clayton Stoner 30 1 2 2
3 Scott Jackson Casey Borer 20 1 2 2
4 Mac Bennett John Carlson 10 1 2 2
PowerPlay Forward
Center Left Wing Right Wing Time % Phy DF OF
1 Jarret Stoll Linus Omark Alexandre Daigle 60 1 2 2
2 Logan Couture Andrew Kozek John Zeiler 40 1 2 2
PowerPlay Defense
Defense Defense Time % Phy DF OF
1 John Carlson Victor Hedman 60 1 2 2
2 Davis Drewiske Clayton Stoner 40 1 2 2
Penalty Kill 4 Players Forward
Center Wing Time % Phy DF OF
1 Jarret Stoll Alexandre Daigle 60 1 2 2
2 Linus Omark John Zeiler 40 1 2 2
Penalty Kill 4 Players Defense
Defense Defense Time % Phy DF OF
1 John Carlson Victor Hedman 60 1 2 2
2 Davis Drewiske Clayton Stoner 40 1 2 2
Penalty Kill - 3 Players Forward
Forward Time % Phy DF OF
1 Jarret Stoll 60 1 2 2
2 Alexandre Daigle 40 1 2 2
Penalty Kill - 3 Players Defense
Defense Defense Time % Phy DF OF
1 John Carlson Victor Hedman 60 1 2 2
2 Davis Drewiske Clayton Stoner 40 1 2 2
4 vs 4 Forward
Center Wing Time % Phy DF OF
1 Jarret Stoll Alexandre Daigle 60 1 2 2
2 Linus Omark John Zeiler 40 1 2 2
4 vs 4 Defense
Defense Defense Time % Phy DF OF
1 John Carlson Victor Hedman 60 1 2 2
2 Davis Drewiske Clayton Stoner 40 1 2 2
Last Minutes Offensive
Center Left Wing Right Wing Defense Defense
Jarret Stoll Linus Omark Alexandre Daigle John Carlson Victor Hedman
Last Minutes Defensive
Center Left Wing Right Wing Defense Defense
Jarret Stoll Linus Omark Alexandre Daigle John Carlson Victor Hedman
Goaltenders
Starting : Alex Auld
Backup : Curtis McElhinney
Extra Forwards
Normal : Ryan Shannon, Nick Johnson, Tyler Brenner - PP : Ryan Shannon, Nick Johnson - PK : Tyler Brenner
Extra Defensemen
Normal : Scott Jackson, Casey Borer, Mac Bennett - PP : Scott Jackson - PK : Casey Borer, Mac Bennett
Penalty Shots
Jarret Stoll, Alexandre Daigle, Linus Omark, John Zeiler, Logan Couture
% Time on Ice - Tamiflu
Lines # - Real PCT - Wanted PCT - Time Play
Normal Forward
1 - 31% - 40% - 14:43
2 - 27% - 30% - 12:30
3 - 22% - 20% - 10:30
4 - 20% - 10% - 9:21
Normal Defense
1 - 37% - 40% - 17:24
2 - 29% - 30% - 13:28
3 - 23% - 20% - 10:37
4 - 12% - 10% - 5:35
PP Forward
1 - 49% - 60% - 2:36
2 - 51% - 40% - 2:42
PP Defense
1 - 62% - 60% - 3:18
2 - 38% - 40% - 2:00
PK Forward
1 - 71% - 60% - 5:23
2 - 29% - 40% - 2:15
PK Defense
1 - 66% - 60% - 5:00
2 - 34% - 40% - 2:38
PK3 Forward
1 - 0% - 60%
2 - 0% - 40%
PK3 Defense
1 - 0% - 60%
2 - 0% - 40%
44 Forward
1 - 0% - 60%
2 - 0% - 40%
44 Defense
1 - 0% - 60%
2 - 0% - 40%
Last Minute Offensive - 0:00
Last Minute Defensive - 0:00
Total
Forward - 60:00
Defense - 60:00
|
% Time on Ice - Atomiques
Lines # - Real PCT - Wanted PCT - Time Play
Normal Forward
1 - 32% - 40% - 14:53
2 - 30% - 30% - 14:02
3 - 20% - 20% - 9:36
4 - 18% - 10% - 8:33
Normal Defense
1 - 40% - 40% - 18:54
2 - 31% - 30% - 14:47
3 - 23% - 20% - 10:37
4 - 6% - 10% - 2:46
PP Forward
1 - 63% - 60% - 4:50
2 - 37% - 40% - 2:48
PP Defense
1 - 59% - 60% - 4:32
2 - 41% - 40% - 3:06
PK Forward
1 - 70% - 60% - 3:44
2 - 30% - 40% - 1:34
PK Defense
1 - 61% - 60% - 3:13
2 - 39% - 40% - 2:05
PK3 Forward
1 - 0% - 60%
2 - 0% - 40%
PK3 Defense
1 - 0% - 60%
2 - 0% - 40%
44 Forward
1 - 0% - 60%
2 - 0% - 40%
44 Defense
1 - 0% - 60%
2 - 0% - 40%
Last Minute Offensive - 0:00
Last Minute Defensive - 0:00
Total
Forward - 60:00
Defense - 60:00
|
Play by Play
1st period
0:01 of 1st period - Jarret Stoll wins face-off versus Greg Mauldin in neutral zone.
0:39 of 1st period - Snap shot by Adam Henrique.
0:39 of 1st period - Stopped by Alex Auld with a rebound.
0:49 of 1st period - Slapshot by Victor Hedman.
0:49 of 1st period - Shot Misses the Net.
0:57 of 1st period - Snap shot by Nathan Oystrick.
0:57 of 1st period - Stopped by Alex Auld with a rebound.
0:59 of 1st period - Snap shot by Nathan Oystrick.
0:59 of 1st period - Stopped by Alex Auld with a rebound.
1:09 of 1st period - Snap shot by Ryan Shannon.
1:09 of 1st period - Shot Misses the Net.
2:11 of 1st period - Philip Samuelsson is hit by Kenndal McArdle.
2:15 of 1st period - Wrist shot by Tyler Brenner.
2:15 of 1st period - Stopped by Mike McKenna with a rebound.
2:34 of 1st period - Slapshot by Nick Johnson.
2:34 of 1st period - Stopped by Mike McKenna without a rebound.
2:35 of 1st period - Marc-André Cliche wins face-off versus Casey Wellman in Tamiflu zone.
2:42 of 1st period - Nick Johnson is hit by Jordan Hendry and loses puck.
2:59 of 1st period - Jonathan Sigalet is hit by Marc-André Cliche and loses puck.
3:04 of 1st period - Slapshot by John McCarthy.
3:04 of 1st period - Stopped by Mike McKenna with a rebound.
3:16 of 1st period - Slapshot by Mattias Tedenby.
3:16 of 1st period - Stopped by Alex Auld with a rebound.
3:41 of 1st period - Snap shot by John McCarthy.
3:41 of 1st period - Stopped by Mike McKenna without a rebound.
3:42 of 1st period - Greg Mauldin wins face-off versus Jarret Stoll in Tamiflu zone.
3:49 of 1st period - Linus Omark is hit by Carson Mcmillan and loses puck.
4:16 of 1st period - Wrist shot by Logan Couture.
4:16 of 1st period - Shot Misses the Net.
4:18 of 1st period - Slapshot by John Zeiler.
4:18 of 1st period - Shot Misses the Net.
5:48 of 1st period - Jarret Stoll is hit by Justin Braun and loses puck.
6:03 of 1st period - Snap shot by Nick Johnson.
6:03 of 1st period - Stopped by Mike McKenna without a rebound.
6:04 of 1st period - Marc-André Cliche wins face-off versus Greg Mauldin in Tamiflu zone.
6:19 of 1st period - Snap shot by Nick Johnson.
6:19 of 1st period - Stopped by Mike McKenna with a rebound.
6:21 of 1st period - Wrist shot by Nick Johnson.
6:21 of 1st period - Stopped by Mike McKenna with a rebound.
6:23 of 1st period - Wrist shot by Nick Johnson.
6:23 of 1st period - Stopped by Mike McKenna with a rebound.
6:37 of 1st period - Petr Pohl is hit by Alexandre Daigle and loses puck.
6:59 of 1st period - Slapshot by John Zeiler.
6:59 of 1st period - Shot Blocked by Kyle Lawson.
7:01 of 1st period - Snap shot by Logan Couture.
7:01 of 1st period - Stopped by Mike McKenna without a rebound.
7:02 of 1st period - Greg Mauldin wins face-off versus Logan Couture in Tamiflu zone.
7:27 of 1st period - Linus Omark is hit by Jan Mursak and loses puck.
8:17 of 1st period - Davis Drewiske is hit by Philip Samuelsson and loses puck.
9:11 of 1st period - Wrist shot by John Zeiler.
9:11 of 1st period - Stopped by Mike McKenna with a rebound.
9:13 of 1st period - Snap shot by Andrew Kozek.
9:13 of 1st period - Shot Blocked by Kyle Lawson.
9:33 of 1st period - John Zeiler is hit by Mattias Tedenby and loses puck.
9:46 of 1st period - Clayton Stoner is hit by Garrett Wilson and loses puck.
10:13 of 1st period - Wrist shot by Logan Couture.
10:13 of 1st period - Shot Blocked by Kyle Lawson.
10:15 of 1st period - Wrist shot by Logan Couture.
10:15 of 1st period - Stopped by Mike McKenna without a rebound.
10:16 of 1st period - Greg Mauldin wins face-off versus Jarret Stoll in Tamiflu zone.
10:25 of 1st period - Snap shot by Alex Picard.
10:25 of 1st period - Stopped by Alex Auld without a rebound.
10:26 of 1st period - Greg Mauldin wins face-off versus Jarret Stoll in Atomiques zone.
10:27 of 1st period - Snap shot by Alex Picard.
10:27 of 1st period - Shot Misses the Net.
10:29 of 1st period - Snap shot by Alex Picard.
10:29 of 1st period - Shot Misses the Net.
10:31 of 1st period - Snap shot by Greg Mauldin.
10:31 of 1st period - Shot Blocked by Victor Hedman.
10:33 of 1st period - Snap shot by Jordan Hendry.
10:33 of 1st period - Shot Blocked by John Carlson.
10:35 of 1st period - Wrist shot by Carson Mcmillan.
10:35 of 1st period - Stopped by Alex Auld without a rebound.
10:36 of 1st period - Greg Mauldin wins face-off versus Jarret Stoll in Atomiques zone.
11:01 of 1st period - Nathan Oystrick is hit by John Carlson.
11:29 of 1st period - Tyler Brenner is hit by Rich Clune and loses puck.
12:38 of 1st period - Backhand shot by Greg Mauldin.
12:38 of 1st period - Shot Misses the Net.
14:41 of 1st period - Nick Johnson is hit by Petr Pohl and loses puck.
15:46 of 1st period - Andrew Kozek is hit by Adam Henrique and loses puck.
15:59 of 1st period - Linus Omark is hit by Alex Picard and loses puck.
16:10 of 1st period - Slapshot by Jonathan Sigalet.
16:10 of 1st period - Shot Misses the Net.
16:12 of 1st period - Slapshot by Jonathan Sigalet.
16:12 of 1st period - Shot Blocked by Jarret Stoll.
16:52 of 1st period - Jan Mursak is hit by Logan Couture and loses puck.
17:29 of 1st period - Snap shot by Alex Picard.
17:29 of 1st period - Shot Misses the Net.
17:32 of 1st period - Icing by Logan Couture.
17:33 of 1st period - Logan Couture wins face-off versus Mike Duco in Atomiques zone.
17:51 of 1st period - John Carlson is hit by Alex Picard and loses puck.
18:12 of 1st period - Wrist shot by Adam Henrique.
18:12 of 1st period - Shot Blocked by John Carlson.
18:19 of 1st period - Minor Penalty to Jan Mursak for Interference.
18:20 of 1st period - Alex Picard wins face-off versus Jarret Stoll in Tamiflu zone.
Goals for this period are 0 for Tamiflu vs 0 for Atomiques.
Shots for this period are 6 for Tamiflu vs 11 for Atomiques.
2nd period
0:01 of 2nd period - Jarret Stoll wins face-off versus Alex Picard in neutral zone.
0:04 of 2nd period - Snap shot by Jarret Stoll.
0:04 of 2nd period - Shot Blocked by Jonathan Sigalet.
0:06 of 2nd period - Wrist shot by Linus Omark.
0:06 of 2nd period - Stopped by Mike McKenna without a rebound.
0:07 of 2nd period - Alex Picard wins face-off versus Jarret Stoll in Tamiflu zone.
0:18 of 2nd period - Jordan Hendry is hit by Jarret Stoll and loses puck.
0:19 of 2nd period - Penalty to Jan Mursak is over, Jan Mursak is back on ice.
1:18 of 2nd period - Casey Borer is hit by Johan Fransson and loses puck.
1:23 of 2nd period - Wrist shot by Mattias Tedenby.
1:23 of 2nd period - Shot Misses the Net.
1:25 of 2nd period - Wrist shot by Nathan Oystrick.
1:25 of 2nd period - Shot Misses the Net.
1:38 of 2nd period - Off-side.
1:39 of 2nd period - Jarret Stoll wins face-off versus Greg Mauldin in neutral zone.
2:05 of 2nd period - John Carlson is hit by Kyle Lawson.
3:43 of 2nd period - Snap shot by Petr Pohl.
3:43 of 2nd period - Stopped by Alex Auld with a rebound.
3:45 of 2nd period - Slapshot by Jonathan Sigalet.
3:45 of 2nd period - Deflect By Petr Pohl.
3:45 of 2nd period - Stopped by Alex Auld without a rebound.
3:46 of 2nd period - Jarret Stoll wins face-off versus Adam Henrique in Atomiques zone.
4:07 of 2nd period - Minor Penalty to Linus Omark for Holding.
4:08 of 2nd period - Jarret Stoll wins face-off versus Greg Mauldin in Atomiques zone.
5:15 of 2nd period - Jordan Hendry is hit by Clayton Stoner and loses puck.
6:00 of 2nd period - Jan Mursak is hit by John Carlson and loses puck.
6:07 of 2nd period - Penalty to Linus Omark is over, Linus Omark is back on ice.
6:36 of 2nd period - Tyler Brenner is hit by Colin Greening and loses puck.
6:43 of 2nd period - Snap shot by Colin Greening.
6:43 of 2nd period - Stopped by Alex Auld without a rebound.
6:44 of 2nd period - Colin Greening wins face-off versus Marc-André Cliche in Atomiques zone.
6:45 of 2nd period - Snap shot by Mike Duco.
6:45 of 2nd period - Stopped by Alex Auld with a rebound.
7:57 of 2nd period - Slapshot by Logan Couture.
7:57 of 2nd period - Shot Blocked by Colin Greening.
8:33 of 2nd period - John McCarthy is hit by Adam Henrique and loses puck.
8:54 of 2nd period - Slapshot by Logan Couture.
8:54 of 2nd period - Shot Misses the Net.
9:14 of 2nd period - Wrist shot by Andrew Kozek.
9:14 of 2nd period - Stopped by Mike McKenna without a rebound.
9:15 of 2nd period - Colin Greening wins face-off versus Logan Couture in Tamiflu zone.
9:40 of 2nd period - Jonathan Sigalet is hit by John Carlson.
10:58 of 2nd period - Wrist shot by Alex Picard.
10:58 of 2nd period - Stopped by Alex Auld with a rebound.
11:00 of 2nd period - Slapshot by Johan Fransson.
11:00 of 2nd period - Deflect By Mattias Tedenby.
11:00 of 2nd period - Shot Misses the Net.
11:00 of 2nd period - Puck is out of play.
11:01 of 2nd period - Mattias Tedenby wins face-off versus Jarret Stoll in Atomiques zone.
11:26 of 2nd period - Jonathan Sigalet is hit by Andrew Kozek and loses puck.
11:35 of 2nd period - Wrist shot by Greg Mauldin.
11:35 of 2nd period - Shot Misses the Net.
11:45 of 2nd period - Snap shot by Tyler Brenner.
11:45 of 2nd period - Stopped by Mike McKenna without a rebound.
11:46 of 2nd period - Adam Henrique wins face-off versus Tyler Brenner in Tamiflu zone.
11:51 of 2nd period - Slapshot by Jonathan Sigalet.
11:51 of 2nd period - Shot Blocked by Tyler Brenner.
11:53 of 2nd period - Snap shot by Jan Mursak.
11:53 of 2nd period - Goal by Jan Mursak - Tamiflu : 1 - Atomiques : 0.
11:54 of 2nd period - Greg Mauldin wins face-off versus Jarret Stoll in neutral zone.
12:03 of 2nd period - Snap shot by Jarret Stoll.
12:03 of 2nd period - Shot Blocked by Jordan Hendry.
12:05 of 2nd period - Slapshot by John Carlson.
12:05 of 2nd period - Shot Blocked by Alex Picard.
12:07 of 2nd period - Snap shot by Jarret Stoll.
12:07 of 2nd period - Stopped by Mike McKenna without a rebound.
12:08 of 2nd period - Jarret Stoll wins face-off versus Greg Mauldin in Tamiflu zone.
12:33 of 2nd period - Adam Henrique is hit by Logan Couture and loses puck.
12:42 of 2nd period - Wrist shot by John Zeiler.
12:42 of 2nd period - Stopped by Mike McKenna with a rebound.
12:48 of 2nd period - Major Penalty to Petr Pohl for Kneeing.
12:49 of 2nd period - Jarret Stoll wins face-off versus Alex Picard in Tamiflu zone.
12:56 of 2nd period - Slapshot by Alexandre Daigle.
12:56 of 2nd period - Shot Misses the Net.
12:58 of 2nd period - Slapshot by Victor Hedman.
12:58 of 2nd period - Shot Misses the Net.
13:00 of 2nd period - Wrist shot by Linus Omark.
13:00 of 2nd period - Stopped by Mike McKenna with a rebound.
13:02 of 2nd period - Wrist shot by Jarret Stoll.
13:02 of 2nd period - Stopped by Mike McKenna without a rebound.
13:03 of 2nd period - Alexandre Daigle wins face-off versus Alex Picard in Tamiflu zone.
13:06 of 2nd period - Slapshot by John Carlson.
13:06 of 2nd period - Shot Misses the Net.
14:49 of 2nd period - John Carlson is hit by Philippe Dupuis and loses puck.
17:48 of 2nd period - Penalty to Petr Pohl is over, Petr Pohl is back on ice.
17:55 of 2nd period - Petr Pohl is hit by Victor Hedman.
18:34 of 2nd period - Adam Henrique is hit by Casey Borer and loses puck.
19:21 of 2nd period - Rich Clune is hit by Andrew Kozek and loses puck.
Goals for this period are 1 for Tamiflu vs 0 for Atomiques.
Shots for this period are 6 for Tamiflu vs 7 for Atomiques.
3rd period
0:01 of 3rd period - Jarret Stoll wins face-off versus Greg Mauldin in neutral zone.
0:04 of 3rd period - Jonathan Sigalet is hit by Victor Hedman and loses puck.
0:13 of 3rd period - Slapshot by Linus Omark.
0:13 of 3rd period - Shot Blocked by Alex Picard.
0:15 of 3rd period - Snap shot by Jarret Stoll.
0:15 of 3rd period - Stopped by Mike McKenna without a rebound.
0:16 of 3rd period - Logan Couture wins face-off versus Petr Pohl in Tamiflu zone.
0:41 of 3rd period - Greg Mauldin is hit by Linus Omark.
0:44 of 3rd period - Icing by Carson Mcmillan.
0:45 of 3rd period - Jarret Stoll wins face-off versus Greg Mauldin in Tamiflu zone.
0:52 of 3rd period - Snap shot by Alex Picard.
0:52 of 3rd period - Shot Misses the Net.
1:18 of 3rd period - Wrist shot by John Carlson.
1:18 of 3rd period - Goal by John Carlson - Tamiflu : 1 - Atomiques : 1.
1:19 of 3rd period - Logan Couture wins face-off versus Adam Henrique in neutral zone.
1:32 of 3rd period - Slapshot by John Carlson.
1:32 of 3rd period - Shot Blocked by Jordan Hendry.
1:54 of 3rd period - Snap shot by Tyler Brenner.
1:54 of 3rd period - Shot Misses the Net.
2:15 of 3rd period - Snap shot by Adam Henrique.
2:15 of 3rd period - Shot Misses the Net.
2:17 of 3rd period - Wrist shot by Jan Mursak.
2:17 of 3rd period - Shot Misses the Net.
2:19 of 3rd period - Snap shot by Jan Mursak.
2:19 of 3rd period - Shot Misses the Net.
2:21 of 3rd period - Slapshot by Jonathan Sigalet.
2:21 of 3rd period - Deflect By Petr Pohl.
2:21 of 3rd period - Stopped by Alex Auld with a rebound.
2:23 of 3rd period - Slapshot by Jordan Hendry.
2:23 of 3rd period - Deflect By Adam Henrique.
2:23 of 3rd period - Deflect By Alexandre Daigle.
2:23 of 3rd period - Shot Misses the Net.
2:23 of 3rd period - Puck is out of play.
2:24 of 3rd period - Greg Mauldin wins face-off versus John Zeiler in Atomiques zone.
2:33 of 3rd period - Snap shot by John Carlson.
2:33 of 3rd period - Stopped by Mike McKenna with a rebound.
2:35 of 3rd period - Slapshot by Victor Hedman.
2:35 of 3rd period - Deflect By Alex Picard.
2:35 of 3rd period - Stopped by Mike McKenna with a rebound.
2:58 of 3rd period - Snap shot by Alexandre Daigle.
2:58 of 3rd period - Stopped by Mike McKenna with a rebound.
3:12 of 3rd period - Slapshot by Johan Fransson.
3:12 of 3rd period - Shot Misses the Net.
3:14 of 3rd period - Slapshot by Nathan Oystrick.
3:14 of 3rd period - Deflect By Ryan Shannon.
3:14 of 3rd period - Stopped by Alex Auld with a rebound.
3:16 of 3rd period - Snap shot by Johan Fransson.
3:16 of 3rd period - Shot Blocked by Tyler Brenner.
3:18 of 3rd period - Snap shot by Casey Wellman.
3:18 of 3rd period - Shot Misses the Net.
3:51 of 3rd period - Rich Clune is hit by Scott Jackson and loses puck.
4:06 of 3rd period - Snap shot by John Carlson.
4:06 of 3rd period - Stopped by Mike McKenna without a rebound.
4:07 of 3rd period - Greg Mauldin wins face-off versus Jarret Stoll in Tamiflu zone.
4:16 of 3rd period - Alexandre Daigle is hit by Carson Mcmillan and loses puck.
4:23 of 3rd period - Snap shot by Greg Mauldin.
4:23 of 3rd period - Stopped by Alex Auld without a rebound.
4:24 of 3rd period - Adam Henrique wins face-off versus John Zeiler in Atomiques zone.
4:32 of 3rd period - Minor Penalty to Andrew Kozek for High sticking.
4:33 of 3rd period - Jarret Stoll wins face-off versus Greg Mauldin in Atomiques zone.
5:08 of 3rd period - Slapshot by Jordan Hendry.
5:08 of 3rd period - Stopped by Alex Auld without a rebound.
5:09 of 3rd period - Adam Henrique wins face-off versus Linus Omark in Atomiques zone.
5:14 of 3rd period - Slapshot by Petr Pohl.
5:14 of 3rd period - Shot Misses the Net.
5:18 of 3rd period - Snap shot by Petr Pohl.
5:18 of 3rd period - Stopped by Alex Auld with a rebound.
5:20 of 3rd period - Snap shot by Adam Henrique.
5:20 of 3rd period - Shot Hit the Post.
5:22 of 3rd period - Snap shot by Jan Mursak.
5:22 of 3rd period - Shot Blocked by John Zeiler.
5:24 of 3rd period - Slapshot by Jan Mursak.
5:24 of 3rd period - Stopped by Alex Auld without a rebound.
5:25 of 3rd period - Jarret Stoll wins face-off versus Greg Mauldin in Atomiques zone.
5:25 of 3rd period - Jarret Stoll is hit by Jonathan Sigalet.
5:51 of 3rd period - John Carlson is hit by Jan Mursak and loses puck.
5:58 of 3rd period - Snap shot by Petr Pohl.
5:58 of 3rd period - Stopped by Alex Auld without a rebound.
5:59 of 3rd period - Jarret Stoll wins face-off versus Greg Mauldin in Atomiques zone.
5:59 of 3rd period - Jarret Stoll is hit by Nathan Oystrick.
6:32 of 3rd period - Penalty to Andrew Kozek is over, Andrew Kozek is back on ice.
6:45 of 3rd period - Slapshot by Alex Picard.
6:45 of 3rd period - Shot Blocked by Victor Hedman.
6:47 of 3rd period - Snap shot by Carson Mcmillan.
6:47 of 3rd period - Stopped by Alex Auld with a rebound.
6:49 of 3rd period - Slapshot by Nathan Oystrick.
6:49 of 3rd period - Stopped by Alex Auld without a rebound.
6:50 of 3rd period - Colin Greening wins face-off versus Logan Couture in Atomiques zone.
7:38 of 3rd period - Wrist shot by Mattias Tedenby.
7:38 of 3rd period - Stopped by Alex Auld with a rebound.
8:16 of 3rd period - Jan Mursak is hit by Marc-André Cliche and loses puck.
8:41 of 3rd period - Backhand shot by Petr Pohl.
8:41 of 3rd period - Shot Misses the Net.
8:51 of 3rd period - Snap shot by Nick Johnson.
8:51 of 3rd period - Deflect By Marc-André Cliche.
8:51 of 3rd period - Shot Misses the Net.
8:51 of 3rd period - Puck is out of play.
8:52 of 3rd period - Greg Mauldin wins face-off versus Jarret Stoll in Tamiflu zone.
9:19 of 3rd period - Logan Couture is hit by Rich Clune and loses puck.
9:26 of 3rd period - Slapshot by Nathan Oystrick.
9:26 of 3rd period - Stopped by Alex Auld without a rebound.
9:27 of 3rd period - Rich Clune wins face-off versus Jarret Stoll in Atomiques zone.
10:16 of 3rd period - Wrist shot by Adam Henrique.
10:16 of 3rd period - Stopped by Alex Auld without a rebound.
10:17 of 3rd period - Jarret Stoll wins face-off versus Adam Henrique in Atomiques zone.
10:46 of 3rd period - Ryan Shannon is hit by Alex Picard and loses puck.
11:21 of 3rd period - Scott Jackson is hit by Garrett Wilson and loses puck.
12:02 of 3rd period - Snap shot by Adam Henrique.
12:02 of 3rd period - Shot Blocked by Casey Borer.
12:04 of 3rd period - Wrist shot by Petr Pohl.
12:04 of 3rd period - Goal by Petr Pohl - Tamiflu : 2 - Atomiques : 1.
12:05 of 3rd period - Jarret Stoll wins face-off versus Greg Mauldin in neutral zone.
12:08 of 3rd period - Slapshot by Victor Hedman.
12:08 of 3rd period - Deflect By Alexandre Daigle.
12:08 of 3rd period - Stopped by Mike McKenna without a rebound.
12:09 of 3rd period - Carson Mcmillan wins face-off versus Jarret Stoll in Tamiflu zone.
12:14 of 3rd period - Slapshot by Jonathan Sigalet.
12:14 of 3rd period - Stopped by Alex Auld with a rebound.
12:59 of 3rd period - Slapshot by John Carlson.
12:59 of 3rd period - Stopped by Mike McKenna with a rebound.
13:36 of 3rd period - Casey Borer is hit by Nathan Oystrick and loses puck.
14:03 of 3rd period - Slapshot by John Zeiler.
14:03 of 3rd period - Stopped by Mike McKenna without a rebound.
14:04 of 3rd period - Greg Mauldin wins face-off versus Jarret Stoll in Tamiflu zone.
14:19 of 3rd period - Slapshot by Greg Mauldin.
14:19 of 3rd period - Shot Blocked by Davis Drewiske.
14:29 of 3rd period - Jonathan Sigalet is hit by Logan Couture and loses puck.
14:49 of 3rd period - Snap shot by Mattias Tedenby.
14:49 of 3rd period - Shot Misses the Net.
14:54 of 3rd period - Off-side.
14:55 of 3rd period - Garrett Wilson wins face-off versus Linus Omark in neutral zone.
15:11 of 3rd period - Snap shot by Mattias Tedenby.
15:11 of 3rd period - Stopped by Alex Auld with a rebound.
15:13 of 3rd period - Wrist shot by Garrett Wilson.
15:13 of 3rd period - Stopped by Alex Auld without a rebound.
15:14 of 3rd period - Colin Greening wins face-off versus Tyler Brenner in Atomiques zone.
15:24 of 3rd period - Minor Penalty to Ryan Shannon for Holding.
15:25 of 3rd period - Greg Mauldin wins face-off versus Jarret Stoll in Atomiques zone.
15:34 of 3rd period - Off-side.
15:35 of 3rd period - Greg Mauldin wins face-off versus Jarret Stoll in neutral zone.
15:42 of 3rd period - Wrist shot by Alex Picard.
15:42 of 3rd period - Deflect By Greg Mauldin.
15:42 of 3rd period - Stopped by Alex Auld without a rebound.
15:43 of 3rd period - Jarret Stoll wins face-off versus Greg Mauldin in Atomiques zone.
15:58 of 3rd period - Snap shot by Jarret Stoll.
15:58 of 3rd period - Stopped by Mike McKenna with a rebound.
16:12 of 3rd period - John Carlson is hit by Jonathan Sigalet and loses puck.
16:31 of 3rd period - John Zeiler is hit by Petr Pohl and loses puck.
16:40 of 3rd period - Slapshot by Jan Mursak.
16:40 of 3rd period - Stopped by Alex Auld with a rebound.
16:42 of 3rd period - Slapshot by Jonathan Sigalet.
16:42 of 3rd period - Shot Misses the Net.
16:44 of 3rd period - Slapshot by Jonathan Sigalet.
16:44 of 3rd period - Deflect By Jan Mursak.
16:44 of 3rd period - Goal by Jan Mursak - Tamiflu : 3 - Atomiques : 1.
16:45 of 3rd period - Colin Greening wins face-off versus Tyler Brenner in neutral zone.
17:01 of 3rd period - Slapshot by John Carlson.
17:01 of 3rd period - Deflect By Ryan Shannon.
17:01 of 3rd period - Stopped by Mike McKenna with a rebound.
17:24 of 3rd period - Linus Omark is hit by Nathan Oystrick and loses puck.
17:37 of 3rd period - Johan Fransson is hit by Andrew Kozek.
18:08 of 3rd period - Wrist shot by Tyler Brenner.
18:08 of 3rd period - Shot Misses the Net.
18:59 of 3rd period - Icing by John Zeiler.
19:00 of 3rd period - Adam Henrique wins face-off versus Jarret Stoll in Atomiques zone.
19:05 of 3rd period - Alexandre Daigle is hit by Petr Pohl.
19:19 of 3rd period - Major Penalty to Colin Greening for Kneeing.
19:20 of 3rd period - Alex Picard wins face-off versus Jarret Stoll in Tamiflu zone.
19:57 of 3rd period - Snap shot by Victor Hedman.
19:57 of 3rd period - Stopped by Mike McKenna without a rebound.
19:58 of 3rd period - Alex Picard wins face-off versus Jarret Stoll in Tamiflu zone.
Goals for this period are 2 for Tamiflu vs 1 for Atomiques.
Shots for this period are 19 for Tamiflu vs 12 for Atomiques.
Output by the SimonT Hockey Simulator (STHS) for François Prévost -- Original Page W3C XHTML 1.0 Valid